 Dungeon Crawl Stone Soup version 0.30.1-9-gdf580d7c3d (webtiles) character file.

Game seed: 16148482806007297466

42744 Wiggles the Executioner (level 13, -1/125 HPs)
             Began as a Minotaur Berserker on Oct 12, 2023.
             Was the Champion of Trog.
             Slain by a vampire mosquito (6 damage)
             ... on level 5 of the Lair of Beasts on Oct 13, 2023.
             The game lasted 00:25:33 (14101 turns).

Wiggles the Executioner (Minotaur Berserker)       Turns: 14101, Time: 00:25:34

Health: -1/125     AC: 23    Str: 38    XL:     13   Next: 87%
Magic:  0/21       EV: 11    Int:  4    God:    Trog [******]
Gold:   1216       SH:  0    Dex: 16    Spells: 12/12 levels left

rFire   . . .        a - +7 executioner's axe of Kocudob {protect, Fly MP+9 Dex+2 Stlth+}
rCold   . . .        (shield currently unavailable)
rNeg    . . .        P - +0 plate armour
rPois   +            k - +2 hat
rElec   +            o - scarf {repulsion}
rCorr   .            (no gloves)
SInv    +            H - +1 pair of boots "Veckell" {rElec rPois Will+ SInv}
Will    ++...        K - amulet of guardian spirit Stlth
                     G - ring "Irramnou" {Fly Will+ Str+6 Dex+3}
HPRegen 0.40/turn    y - +6 ring of strength
MPRegen 0.17/turn

%: repel missiles, guardian spirit
@: corroded, under a protective aura, flying
A: horns 2, retaliatory headbutt
a: Renounce Religion, Berserk, Trog's Hand, Brothers in Arms


You were on level 5 of the Lair of Beasts.
You worshipped Trog.
Trog was exalted by your worship.
You visited 2 branches of the dungeon, and saw 16 of its levels.
You also visited: Ossuary and Bailey.

You collected 1216 gold pieces.

Inventory:

Hand Weapons
 a - the +7 executioner's axe of Kocudob (weapon) {protect, Fly MP+9 Dex+2 Stlth+}
   (You acquired it on level 6 of the Dungeon)

   Dex:       It affects your dexterity (+2).
   MP:        It affects your magic capacity (+9).
   Fly:       It grants you flight.
   Stlth:     It makes you more stealthy.
 S - a +3 heavy executioner's axe
Missiles
 Q - a throwing net (quivered)
Armour
 k - a +2 hat (worn)
 o - a scarf of repulsion (worn)
 H - the +1 pair of boots "Veckell" (worn) {rElec rPois Will+ SInv}
   (You found it on level 5 of the Dungeon)

   rElec:     It insulates you from electricity.
   rPois:     It protects you from poison.
   SInv:      It lets you see invisible.
   Will:      It increases your willpower.
 P - a +0 plate armour (worn)
Jewellery
 f - an amulet of regeneration
 j - a +6 ring of dexterity
 m - a ring of see invisible
 y - a +6 ring of strength (right hand)
 z - a ring of protection from cold
 A - a ring of protection from cold
 B - a ring of resist corrosion
 E - the ring "Xamunt" {+Blink rPois Str+2 Dex+2}
   (You took it off a kobold demonologist on level 7 of the Dungeon)

   [ring of poison resistance]

   Str:       It affects your strength (+2).
   Dex:       It affects your dexterity (+2).
   rPois:     It protects you from poison.
   +Blink:    It lets you blink.
 G - the ring "Irramnou" (left hand) {Fly Will+ Str+6 Dex+3}
   (You took it off a gnoll sergeant on level 7 of the Dungeon)

   [ring of willpower]

   Str:       It affects your strength (+6).
   Dex:       It affects your dexterity (+3).
   Fly:       It grants you flight.
   Will:      It increases your willpower.
 K - an amulet of guardian spirit (around neck)
 M - the ring of Ponat {Fire Int+2 Dex+2}
   (You found it on level 7 of the Dungeon)

   [ring of fire]

   It enhances your fire magic.
   Int:       It affects your intelligence (+2).
   Dex:       It affects your dexterity (+2).
   rF:        It protects you from fire.
   rC:        It makes you vulnerable to cold.
 N - the ring "Seitizal" {Fly rPois}
   (You found it on level 7 of the Dungeon)

   [ring of flight]

   rPois:     It protects you from poison.
   Fly:       It grants you flight.
 R - a ring of flight
 V - a ring of willpower
Wands
 e - a wand of acid (7)
 u - a wand of flame (44)
 x - a wand of roots (30)
 I - a wand of polymorph (18)
 J - a wand of digging (8)
 L - a wand of charming (9)
Scrolls
 b - 12 scrolls of teleportation
 i - 2 scrolls of fog
 l - 4 scrolls of butterflies
 q - 5 scrolls of identify
 r - 3 scrolls of poison
 t - 3 scrolls of fear
 v - 2 scrolls of enchant weapon
 F - 7 scrolls of magic mapping
Potions
 c - 5 potions of haste
 d - a potion of degeneration
 g - 10 potions of flight
 h - 5 potions of lignification
 n - 4 potions of might
 p - 4 potions of resistance
 w - a potion of cancellation
 C - 6 potions of curing
 D - 8 potions of mutation
 T - a potion of invisibility
 W - a potion of magic
Miscellaneous
 U - a lightning rod (4/4)


   Skills:
 + Level 14.8 Fighting
 + Level 21.0 Axes
 + Level 12.2 Armour
 + Level 5.0 Dodging
 + Level 2.2 Stealth


You had 12 spell levels left.
You didn't know any spells.
Your spell library was empty.

Dungeon Overview and Level Annotations

Branches:
Dungeon (11/15)            Temple (0/1) D:6            Lair (5/5) D:9
 Shoals (0/4) Lair:2       Spider (0/4) Lair:2          Orc (0/2) D:9
Ossuary (visited)          Bailey (visited)
  Slime: Lair:4-5

Altars:
Elyvilon
Fedhas
Gozag
Nemelex Xobeh
Ru
Sif Muna
Trog
Vehumet
Yredelemnul
The Shining One

Shops:
D:3 *   D:4 :=   D:9 (

Portals:
Volcano: Lair:5


Innate Abilities, Weirdness & Mutations

You have a pair of horns on your head.
You reflexively headbutt those who attack you in melee.


Message History

You slice the goliath frog!! Your headbutt misses the goliath frog.
The goliath frog is severely wounded.
You closely miss the tyrant leech.
The goliath frog hits you but does no damage.
You hit the goliath frog.
The goliath frog is severely wounded.
You closely miss the tyrant leech. The tyrant leech closely misses you.
The goliath frog barely misses you. You furiously retaliate!
You headbutt the goliath frog, but do no damage.
You closely miss the goliath frog. Your headbutt misses the goliath frog.
The goliath frog is severely wounded.
You slice the tyrant leech!! The goliath frog closely misses you.
The tyrant leech bites you!
* * * LOW HITPOINT WARNING * * *
The tyrant leech draws strength from your injuries!
You carve the goliath frog like a ham!!!
You kill the goliath frog!
Trog accepts your kill.
You barely miss the tyrant leech. The vampire mosquito bites you.
* * * LOW HITPOINT WARNING * * *
The vampire mosquito draws strength from your injuries!
As you read the scroll of fear, it crumbles to dust.
You assume a fearsome visage.
The tyrant leech easily resists.
The vampire mosquito is unaffected.
The vampire mosquito bites you but does no damage.
The tyrant leech bites you.
* * * LOW HITPOINT WARNING * * *
The tyrant leech draws strength from your injuries!
The vampire mosquito bites you but does no damage.
The vampire mosquito attacks as you move away!
The vampire mosquito closely misses you.
You furiously retaliate!
You headbutt the vampire mosquito, but do no damage.
The tyrant leech closely misses you.
The vampire mosquito closely misses you.
Things that are here:
a potion of haste; a goliath frog corpse The vampire mosquito attacks as you move away!
The vampire mosquito bites you!
You die...

.≈.#.≈............
#.≈..§§............ ..
.#.≈.............. ...
#∩§≈..............
....##.#.≈#.....<......
#....#.#≈.#.....§§....
.. .......≈÷?...§≈§....
....#.#...÷..@y≈§≈§≈..
.......÷÷÷)÷..w..≈≈P...
.........<†÷..~§.≈≈....
..........†..~P~....~~.
..(........~~........~~
..........#.~.~..~..~~~
..........#~....~~P~~~~
..........#~.~~~~~P≈~~~
.........##..~~~~~~≈P


You could see a tyrant leech and a vampire mosquito.

Vanquished Creatures
  2 vault guards (Bailey)
  2 hydras
  3 two-headed ogres
  Urug (D:11)
  Amaemon (D:10)
  Lodul (D:11)
  A goliath frog (Lair:5)
  A skyshark (Lair:5)
  A wizard (D:10)
  A lindwurm (Lair:3)
  A necromancer (Lair:4)
  2 cyclopes
  2 manticores
  The ghost of BuzzardItera the Trooper, a novice MiBe of Trog (D:6)
  2 molten gargoyles (Lair:4)
  A torpor snail (Lair:5)
  3 elephants (Lair:5)
  An orange demon (D:10)
  2 black mambas
  A gargoyle (D:7)
  A kobold demonologist (D:7)
  2 rime drakes
  An unseen horror (D:7)
  7 cane toads
  2 komodo dragons
  5 trolls
  A wind drake (Lair:2)
  Prince Ribbit (Bailey)
  3 blink frogs (Lair:5)
  2 hornets
  A tyrant leech (Lair:5)
  4 dream sheep (Lair:4)
  A slime creature (D:7)
  A wraith (D:11)
  A shadow (D:7)
  5 wyverns
  5 humans (Bailey)
  2 basilisks
  48 yaks
  A vampire mosquito (Lair:5)
  2 acid dragons (D:7)
  12 water moccasins
  Duvessa (D:7)
  6 orc warriors
  A sky beast (D:7)
  2 black bears
  2 ice beasts (D:7)
  10 ogres
  14 wolves
  4 centaurs
  2 kobold brigands (D:7)
  2 gnoll sergeants (D:7)
  The ghost of sigtrap the Shooter, an amateur SpHu (D:3)
  24 bullfrogs
  8 scorpions
  4 necrophages (D:5)
  10 wights (D:8)
  Dowan (D:7)
  9 killer bees
  8 howler monkeys
  5 electric eels
  A crimson imp (D:10)
  6 lava snakes
  A bullfrog zombie (D:5)
  2 human zombies (Ossuary)
  4 gnoll boudas
  2 jellies
  4 orc priests
  Crazy Yiuf (D:7)
  4 hounds
  3 sleepcaps
  A scorpion zombie (D:5)
  Terence (D:3)
  2 iguanas
  17 orc wizards
  4 polar bear simulacra (Lair:4)
  A wolf simulacrum (Lair:4)
  3 yak simulacra (Lair:4)
  4 mummies (Ossuary)
  19 gnolls
  9 adders
  3 shadow imps (D:7)
  2 white imps
  An ufetubus (D:5)
  2 adder zombies (Ossuary)
  5 worms
  A dart slug (D:2)
  50 orcs
  8 bats
  3 endoplasms
  4 giant cockroaches
  9 goblins
  7 hobgoblins
  3 jackals (D:4)
  A quokka (D:4)
  3 training dummies (D:9)
  10 ball pythons
  A frilled lizard (D:1)
  A gnoll zombie (Ossuary)
  A goblin zombie (Ossuary)
  A hobgoblin zombie (Ossuary)
  2 jackal zombies (Ossuary)
  4 kobolds
  A kobold zombie (Ossuary)
  An orc zombie (Ossuary)
  7 rats
  A rat zombie (Ossuary)
  3 river rat simulacra (Lair:4)
  A spectral orc (D:6)
477 creatures vanquished.

Vanquished Creatures (collateral kills)
  A skyshark (Lair:5)
  A goliath frog (Lair:5)
  An elephant (Lair:5)
  2 cane toads (Lair:5)
  A komodo dragon (Lair:5)
  A blink frog (Lair:5)
  A yak (Lair:5)
  2 bullfrogs (Lair:5)
10 creatures vanquished.

Grand Total: 487 creatures vanquished

Notes
Turn   | Place    | Note
-------+----------+-------------------------------------------
     0 | D:1      | Wiggles the Minotaur Berserker began the quest for the Orb.
     0 | D:1      | Reached XP level 1. HP: 19/19 MP: 0/0
   153 | D:1      | Reached XP level 2. HP: 27/27 MP: 1/1
   975 | D:2      | Reached skill level 4 in Axes
  1008 | D:2      | Reached ** piety under Trog
  1009 | D:2      | Reached XP level 3. HP: 34/34 MP: 2/2
  1151 | D:2      | Reached XP level 4. HP: 36/41 MP: 3/3
  1295 | D:2      | Found a bloodstained altar of Trog.
  1296 | D:2      | Found a faded altar of an unknown god.
  1536 | D:3      | Reached skill level 5 in Axes
  1545 | D:3      | Reached XP level 5. HP: 30/47 MP: 4/4
  1687 | D:3      | Found a runed translucent door.
  1689 | D:3      | Noticed sigtrap's ghost (amateur SpHu)
  1726 | D:3      | Killed sigtrap's ghost
  1727 | D:3      | Reached skill level 5 in Fighting
  1775 | D:3      | Found a radiant altar of Vehumet.
  1850 | D:3      | Found a glowing golden altar of the Shining One.
  1905 | D:3      | Noticed Terence
  1911 | D:3      | Killed Terence
  1912 | D:3      | Reached skill level 6 in Axes
  2018 | D:3      | Found an opulent altar of Gozag.
  2020 | D:3      | Found Gozag's Platinum Reserve.
  2297 | D:4      | Found Louptej's Jewellery Boutique.
  2428 | D:4      | Reached XP level 6. HP: 56/56 MP: 5/5
  2665 | D:4      | Found Usin's Tremendous Tomes.
  2681 | D:4      | Found a white marble altar of Elyvilon.
  2861 | D:4      | Found a sand-covered staircase.
  2875 | Ossuary  | Entered an ossuary
  2884 | Ossuary  | Reached *** piety under Trog
  2889 | Ossuary  | Reached skill level 7 in Axes
  2906 | Ossuary  | Reached skill level 1 in Stealth
  2980 | Ossuary  | Reached XP level 7. HP: 61/61 MP: 6/6
  3268 | D:5      | Entered Level 5 of the Dungeon
  3440 | D:5      | Reached skill level 5 in Armour
  3711 | D:5      | Found a blossoming altar of Fedhas.
  3807 | D:5      | Reached skill level 8 in Axes
  4033 | D:5      | Identified the +1 pair of boots "Veckell" {rElec rPois
                  | Will+ SInv}
  4243 | D:5      | Reached XP level 8. HP: 49/70 MP: 7/7
  4443 | D:6      | Reached skill level 9 in Axes
  4452 | D:6      | Found a staircase to the Ecumenical Temple.
  4705 | D:6      | Found a runed translucent door.
  4711 | D:6      | Noticed BuzzardItera's ghost (novice MiBe)
  4725 | D:6      | Killed BuzzardItera's ghost
  4726 | D:6      | Reached skill level 10 in Axes
  4764 | D:6      | Identified the +0 cloak of Amelioration {Fly Regen+ Str-5}
  4870 | D:6      | Found a basalt altar of Yredelemnul.
  4935 | D:6      | Found a shimmering blue altar of Sif Muna.
  4951 | D:6      | Reached XP level 9. HP: 65/79 MP: 8/8
  5216 | D:6      | Identified a scroll of acquirement
  5216 | D:6      | Acquired the +7 executioner's axe of Kocudob {protect, Fly
                  | MP+9 Dex+2 Stlth+}
  5332 | D:7      | Reached **** piety under Trog
  5428 | D:7      | Found a flagged portal.
  5443 | Bailey   | Entered a bailey
  5470 | Bailey   | Reached skill level 11 in Axes
  5575 | Bailey   | Reached skill level 12 in Axes
  5605 | Bailey   | Noticed a vault guard
  5615 | Bailey   | Killed a vault guard
  5616 | Bailey   | Reached XP level 10. HP: 90/90 MP: 9/9
  5638 | Bailey   | Noticed a vault guard
  5638 | Bailey   | Noticed Prince Ribbit
  5649 | Bailey   | Killed a vault guard
  5649 | Bailey   | Killed Prince Ribbit
  5650 | Bailey   | Reached skill level 13 in Axes
  5847 | D:7      | Found a bloodstained altar of Trog.
  5991 | D:7      | Noticed Dowan
  5994 | D:7      | Noticed Duvessa
  5996 | D:7      | Killed Dowan
  6003 | D:7      | Killed Duvessa
  6086 | D:7      | Noticed a cyclops
  6086 | D:7      | Noticed a gargoyle
  6091 | D:7      | Killed a gargoyle
  6092 | D:7      | Reached skill level 14 in Axes
  6100 | D:7      | Killed a cyclops
  6101 | D:7      | Reached skill level 10 in Fighting
  6146 | D:7      | Found a runed translucent door.
  6183 | D:7      | Reached ***** piety under Trog
  6316 | D:7      | Identified the ring "Xamunt" {+Blink rPois Str+2 Dex+2}
  6317 | D:7      | Noticed a manticore
  6319 | D:7      | Reached XP level 11. HP: 72/101 MP: 10/10
  6323 | D:7      | Reached skill level 15 in Axes
  6331 | D:7      | Identified the ring "Irramnou" {Fly Will+ Str+6 Dex+3}
  6483 | D:7      | Identified the ring of Ponat {Fire Int+2 Dex+2}
  6494 | D:7      | Identified the ring "Seitizal" {Fly rPois}
  6945 | D:7      | Found a runed translucent door.
  6946 | D:7      | Noticed Crazy Yiuf
  6951 | D:7      | Killed Crazy Yiuf
  7179 | D:8      | Found a sacrificial altar of Ru.
  7486 | D:9      | Received a gift from Trog
  7499 | D:9      | Reached skill level 16 in Axes
  7507 | D:9      | Found a staircase to the Lair.
  7786 | D:9      | Found Tanida's Firing Range.
  7850 | D:9      | Found a staircase to the Orcish Mines.
  8132 | D:9      | Noticed a two-headed ogre
  8137 | D:9      | Killed a two-headed ogre
  8138 | D:9      | Reached skill level 17 in Axes
  8254 | D:9      | Found a sparkling altar of Nemelex Xobeh.
  8591 | D:10     | Entered Level 10 of the Dungeon
  8640 | D:10     | Noticed Amaemon
  8650 | D:10     | Killed Amaemon
  8651 | D:10     | Reached skill level 10 in Armour
  8651 | D:10     | Reached XP level 12. HP: 86/112 MP: 11/11
  9279 | D:11     | Received a gift from Trog
  9371 | D:11     | Noticed a two-headed ogre
  9376 | D:11     | Killed a two-headed ogre
  9512 | D:11     | Reached skill level 18 in Axes
  9920 | D:11     | Noticed Lodul
  9928 | D:11     | Killed Lodul
 10050 | D:11     | Noticed a two-headed ogre
 10053 | D:11     | Noticed Urug
 10055 | D:11     | Killed a two-headed ogre
 10062 | D:11     | Killed Urug
 10355 | Lair:1   | Entered Level 1 of the Lair of Beasts
 10395 | Lair:1   | Reached skill level 19 in Axes
 10522 | Lair:1   | Noticed a five-headed hydra
 10530 | Lair:1   | Killed a nine-headed hydra
 11234 | Lair:2   | Found a hole to the Spider Nest.
 11242 | Lair:2   | Identified the +4 battleaxe of Collusion {flame, rElec rN+}
                  | (Trog gifted it to you on level 2 of the Lair of Beasts)
 11242 | Lair:2   | Received a gift from Trog
 11243 | Lair:2   | Reached XP level 13. HP: 122/122 MP: 12/12
 11292 | Lair:2   | Found a staircase to the Shoals.
 12306 | Lair:3   | Reached skill level 20 in Axes
 13729 | Lair:5   | Entered Level 5 of the Lair of Beasts
 13729 | Lair:5   | Found a dark tunnel.
 13743 | Lair:5   | Reached skill level 5 in Dodging
 13767 | Lair:5   | Reached ****** piety under Trog
 13776 | Lair:5   | HP: 6/125 [acid (4)]
 14084 | Lair:5   | Received a gift from Trog
 14085 | Lair:5   | Reached skill level 21 in Axes
 14099 | Lair:5   | HP: 4/125 [tyrant leech (5)]
 14101 | Lair:5   | Slain by a vampire mosquito

Illustrated notes

Levels and vault maps discovered:
D:1:      kennysheep_arrival_seaside, layout_basic
D:2:      layout_rooms, basic_ecumenical_altar, basic_altar
D:3:      layout_basic, amcnicky_altar_gilded, vehumet_altar_wand_db,
          nicolae_gozag_zags_fifth_avenue, gammafunk_ghost_grave, hex_tiny,
          dk_vineyard_3, uniq_terence
D:4:      layout_rooms, kennysheep_little_box, serial_shops,
          nicolae_shop_advertising_works [nicolae_subvault_shop_adworks],
          nicolae_ossuary_entry_ruins, nicolae_shop_i_like_big_books
D:5:      layout_loops_ring, fedhas_altar_decomposition
D:6:      layout_loops_ring, yredelemnul_forgotten_temple_becter,
          kennysheep_orc_sif_temple, minmay_temple_entry_wispy,
          ebering_ghost_reflecting_pool
D:7:      minmay_the_grid_triangle_9x9_rhombus_full
          [minmay_the_grid_triangle_9x9_steps,
          minmay_the_grid_triangle_9x9_sprig,
          minmay_the_grid_triangle_9x9_stretched_checkered,
          minmay_the_grid_triangle_9x9_subtriangle,
          minmay_the_grid_triangle_9x9_corruption,
          minmay_the_grid_triangle_9x9_windchime,
          minmay_the_grid_triangle_9x9_skeleton,
          minmay_the_grid_triangle_9x9_prize_special], layout_rooms,
          lemuel_doored_altar, enter_bailey_4, serial_curves, eino_curves_03,
          eino_curves_01, eino_curves_04, eino_curves_03, uniq_duvessa,
          uniq_crazy_yiuf_cottage
D:8:      layout_rooms, nicolae_ru_the_path_less_chosen
D:9:      layout_basic, erik_lair_island, david_orc_2, kennysheep_diamond,
          nicolae_shop_firing_range
D:10:     layout_rooms, lightli_wizard_tower, uniq_amaemon
D:11:     layout_basic, minivault_21, uniq_urug, uniq_lodul
Lair:1:   layout_regular_city, serial_bayou_lake_a, grunt_megastairs_3
Lair:2:   layout_roguey, minmay_shoals_entry_beasts,
          nicolae_spider_entry_non_spiders, lemuel_fruit_fields,
          serial_bayou_shore_a
Lair:3:   layout_long_grid
Lair:4:   cheibrodos_magma_flow, layout_regular_city, eino_house_with_fridge,
          grunt_megastairs_2
Lair:5:   minmay_lair_end_frog_pond, layout_gridlike,
          nicolae_slime_entry_field_trip, nicolae_volcano_entry_lava_flow,
          kennysheep_basilisk_garden

Skill      XL: |  1  2  3  4  5  6  7  8  9 10 11 12 13 |
---------------+----------------------------------------+-----
Fighting       | 4 5 6 7 8 10 12 13 14 | 14.8
Axes           | 4 5 6 7 8 10 12 14 17 19 21 | 21.0
Armour         | 3 4 5 7 8 10 12 | 12.2
Dodging        | 3 4 5 |  5.0
Stealth        | 1 2 |  2.2

Action                     |  1- 3 |  4- 6 |  7- 9 | 10-12 | 13-15 || total
---------------------------+-------+-------+-------+-------+-------++-------
  Melee: Hand axe          |    62 |   123 |   146 |       |       ||   331
         Headbutt          |     9 |    26 |    62 |    81 |    29 ||   207
         Punch             |       |       |     4 |       |       ||     4
         Battleaxe         |       |       |    17 |       |       ||    17
         War axe           |       |       |    15 |       |       ||    15
         Executioner's axe |       |       |    43 |   415 |   129 ||   587
 Invoke: Berserk           |       |     4 |     2 |     4 |     1 ||    11
         Brothers in Arms  |       |       |       |       |     1 ||     1
    Use: Scroll            |       |       |    24 |     8 |     4 ||    36
         Potion            |       |       |       |       |     7 ||     7
   Stab: Sleeping          |     1 |       |       |       |       ||     1
         Distracted        |       |       |       |       |     2 ||     2
 Armour: Animal skin       |     5 |       |       |       |       ||     5
         Leather armour    |     6 |       |       |       |       ||     6
         Ring mail         |    13 |    11 |       |       |       ||    24
         Chain mail        |       |    40 |   121 |    70 |       ||   231
         Scale mail        |       |     7 |       |       |       ||     7
         Plate armour      |       |       |       |   194 |   132 ||   326
  Dodge: Dodged            |    52 |    50 |   117 |   193 |   115 ||   527
         Repelled          |       |       |       |       |     5 ||     5
